 Dungeon Crawl Stone Soup version 0.30-a0-726-gd89dcf765f (webtiles) character file.

Game seed: 14650620510511032614

12217 Bnni the Cleaver (level 12, -2/98 HPs)
             Began as a Formicid Fighter on Jan 29, 2023.
             Was a High Priest of Okawaru.
             Slain by Fannar
             ... wielding a staff of cold
              (17 damage)
             ... in the Arena.
             The game lasted 00:16:50 (10015 turns).

Bnni the Cleaver (Formicid Fighter)                Turns: 10015, Time: 00:16:51

Health: -2/98      AC: 15    Str: 30    XL:     12   Next: 17%
Magic:  6/6        EV:  6    Int: 10    God:    Okawaru [*****.]
Gold:   732        SH: 10    Dex: 13    Spells: 11/11 levels left

rFire   . . .      SeeInvis +    p - +1 executioner's axe (antimagic)
rCold   . . .      Faith    +    J - +0 kite shield {AC+3}
rNeg    . . .      Spirit   .    D - +0 plate armour
rPois   .          Reflect  .    (helmet unavailable)
rElec   .          Harm     .    c - +2 cloak {Will+}
rCorr   +          Rampage  .    (no gloves)
Will    ++...                    x - +1 pair of boots Stlth
                                 L - amulet of faith
HPRegen 0.36/turn                T - ring of resist corrosion
MPRegen 0.10/turn                H - +6 ring of strength

@: marked, corroded, duelling
A: permanent stasis, dig shafts and tunnels, antennae 3, four strong arms
a: Dig, Renounce Religion, Heroism, Finesse, Duel


You were in the Arena.
You worshipped Okawaru.
Okawaru was extremely pleased with you.
You visited 2 branches of the dungeon, and saw 12 of its levels.

You collected 732 gold pieces.

Inventory:

Hand Weapons
 p - a +1 antimagic executioner's axe (weapon)
 t - a +4 battleaxe
Missiles
 m - 4 javelins
 K - a throwing net
Armour
 c - a +2 cloak of willpower (worn)
 x - a +1 pair of boots (worn)
 D - a +0 plate armour (worn)
 J - a +0 kite shield of protection (worn)
Jewellery
 u - a ring of wizardry
 H - a +6 ring of strength (right hand)
 L - an amulet of faith (around neck)
 S - an amulet of regeneration
 T - a ring of resist corrosion (left hand)
Wands
 q - a wand of digging (6)
 w - a wand of paralysis (3)
 y - a wand of polymorph (13)
 z - a wand of mindburst (51)
 B - a wand of roots (14)
 M - a wand of light (5)
Scrolls
 b - 2 scrolls of amnesia {unknown}
 f - 3 scrolls of blinking {unknown}
 i - 2 scrolls of immolation {unknown}
 k - 3 scrolls of poison
 o - a scroll of fear {unknown}
 A - 2 scrolls of enchant weapon {unknown}
 C - 2 scrolls of fog {unknown}
 E - a scroll of summoning {unknown}
 G - a scroll of enchant armour {unknown}
 O - 2 scrolls of teleportation {unknown}
Potions
 a - 2 potions of cancellation
 d - 2 potions of might
 e - a potion of magic
 g - a potion of lignification
 h - 2 potions of berserk rage
 j - 4 potions of brilliance
 r - a potion of attraction
 s - 3 potions of mutation
 v - a potion of resistance {unknown}
 F - a potion of invisibility {unknown}
 I - a potion of ambrosia {unknown}
 N - a potion of flight {unknown}
 Q - a potion of heal wounds {unknown}
 R - 2 potions of experience {unknown}


   Skills:
 + Level 10.5 Fighting
 * Level 13.0 Axes
 - Level 3.2 Armour
 + Level 8.1 Shields
 + Level 10.1 Invocations


You had 11 spell levels left.
You didn't know any spells.
Your spell library contained the following spells:

 Spells                   Type           Power      Damage    Failure   Level
 Necrotise                Necr           0%         1d4       100%        1
 Inner Flame              Hex/Fire       0%         N/A       100%        3
 Vampiric Draining        Necr           0%         2d6       100%        3
 Cause Fear               Hex            0%         N/A       100%        4
 Agony                    Necr           0%         N/A       100%        5
 Discord                  Hex            0%         N/A       100%        8


Dungeon Overview and Level Annotations

Branches:
Dungeon (11/15)            Temple (1/1) D:4            Lair (0/5) D:8
    Orc: D:9-12

Altars:
Ashenzari
Cheibriados
Dithmenos
Elyvilon
Fedhas
Gozag
Hepliaklqana
Kikubaaqudgha
Makhleb
Nemelex Xobeh
Okawaru
Qazlal
Ru
Sif Muna
Trog
Uskayaw
Vehumet
Wu Jian
Xom
Yredelemnul
Zin
The Shining One

Shops:
D:6 =   D:9 [

Annotations:
Arena Fannar


Innate Abilities, Weirdness & Mutations

You cannot be hasted, slowed, berserked, paralysed or teleported.
You can dig through walls and to a lower floor.
You have a pair of large antennae on your head. (SInv)
Your four strong arms can wield two-handed weapons with a shield.


Message History

You barely miss the centaur.
The unseen horror hits you but does no damage.
The centaur wields a +0 shortbow.
The centaur shoots an arrow.
You block the arrow.
A centaur comes into view.
The centaur barely misses you. You block the centaur's attack.
The centaur shoots an arrow.
The arrow closely misses the unseen horror.
The arrow hits you!
Your Axes skill increases to level 13!
Press: ? - help, v - describe, . - travel, g - get item Item here: the +6 demon trident of Veug {freeze, Stlth+}.
The floor, spattered with blood.
Aiming: Duel (16% risk of failure)
Press: ? - help, Dir - move target, f - Fannar
Aim: Fannar, wielding a staff of cold and wearing a +2 robe of cold resistance You enter into single combat with Fannar!
The world spins around you as you enter the gateway.
You enter Okawaru's Arena!
The spectator shouts! x7
Fannar says, "An icy embrace awaits you..."
Fannar gestures at you while chanting. The bolt of cold hits you!
Found a gate leading back out of this place.
There is an empty arch of ancient stone here.
You feel magic leave you.
p - a +1 antimagic executioner's axe (weapon)
Fannar casts a spell.
Fannar drains the heat from the surrounding environment!
* * * LOW HITPOINT WARNING * * *
Okay, then.
You slash Fannar!
Fannar's magic leaks into the air.
Fannar is lightly wounded.
The spectator waves excitedly.
Fannar barely misses you.
You feel better. Fannar hits you with a staff of cold.
* * * LOW HITPOINT WARNING * * *
Fannar freezes you!
You die...
Okawaru crowns Fannar victorious!

###########
#..p▓p▓p..# ##
▓▓▓▓▓▓▓▓▓ ##
#.▓ ....... ▓.#
#.▓.#.....#.▓.#
#p▓.........▓p#
#▓▓.........▓▓#
#∩▓....@....▓p#
#▓▓....e....▓▓#
#p▓.........▓p#
#.▓.#.....#.▓.#
#.▓ ....... ▓.#
## ▓▓▓▓▓▓▓▓▓ ##
#..p▓p▓p..#
###########


You could see Fannar (magic disrupted).

Vanquished Creatures
  Gastronok (D:9)
  The ghost of Citaku the Protected, a journeyman MiFi of Gozag (D:10)
  The ghost of M4edhros the Fighter, a novice OpCK of Zin (D:8)
  A wizard (D:7)
  A moth of wrath (D:10)
  Maurice (D:9)
  Joseph (D:9)
  Psyche (D:9)
  Maggie (D:7)
  A komodo dragon (D:10)
  A troll (D:11)
  A hornet (D:10)
  Sigmund (D:5)
  A vampire (D:9)
  A yak (D:10)
  2 wyverns
  A redback (D:10)
  Menkaure (D:7)
  6 water moccasins
  Edmund (D:5)
  An acid dragon (D:11)
  An ice beast (D:5)
  5 orc warriors
  A black bear (D:7)
  5 centaurs
  5 ogres
  3 phantoms
  3 kobold brigands
  A bullfrog (D:7)
  3 necrophages
  2 gnoll sergeants
  8 scorpions
  14 wights
  16 killer bees
  9 howler monkeys
  An electric eel (D:7)
  A crimson imp (D:3)
  2 hounds (D:5)
  A gnoll bouda (D:7)
  5 jellies
  4 orc priests
  Crazy Yiuf (D:7)
  Jessica (D:2)
  3 iguanas
  5 orc wizards
  A statue (D:4)
  5 gnolls (D:8)
  8 adders
  4 shadow imps
  4 white imps
  2 ufetubi
  4 worms
  3 dart slugs
  39 orcs
  13 ball pythons
  2 bats
  3 endoplasms
  4 giant cockroaches
  6 hobgoblins
  12 jackals
  2 quokkas
  4 frilled lizards
  8 goblins
  17 kobolds
  2 rats (D:2)
270 creatures vanquished.

Vanquished Creatures (others)
  An orc wizard (D:7)
  4 fungi (D:7)
  5 plants (D:7)
10 creatures vanquished.

Grand Total: 280 creatures vanquished

Notes
Turn   | Place    | Note
-------+----------+-------------------------------------------
     0 | D:1      | Bnni the Formicid Fighter began the quest for the Orb.
     0 | D:1      | Reached XP level 1. HP: 18/18 MP: 1/1
   135 | D:1      | Reached XP level 2. HP: 22/24 MP: 2/2
   758 | D:2      | Reached XP level 3. HP: 15/30 MP: 3/3
   842 | D:2      | Reached skill level 3 in Axes
   856 | D:2      | Noticed Jessica
   866 | D:2      | Killed Jessica
   867 | D:2      | Reached XP level 4. HP: 8/37 MP: 4/4
  1398 | D:2      | Reached skill level 4 in Axes
  1431 | D:3      | Reached XP level 5. HP: 42/42 MP: 5/5
  1745 | D:3      | Found a faded altar of an unknown god.
  1914 | D:3      | Found a shimmering altar of Xom.
  1915 | D:3      | Found a burning altar of Makhleb.
  2006 | D:4      | Found a staircase to the Ecumenical Temple.
  2023 | Temple   | Entered the Ecumenical Temple
  2057 | Temple   | Became a worshipper of Warmaster Okawaru
  2179 | D:4      | Found a radiant altar of Vehumet.
  2179 | D:4      | Noticed a charred statue
  2191 | D:4      | Killed a charred statue
  2192 | D:4      | Reached XP level 6. HP: 28/50 MP: 6/6
  2394 | D:4      | Noticed an ogre
  2401 | D:4      | Killed an ogre
  2402 | D:4      | Reached skill level 5 in Fighting
  2402 | D:4      | Reached skill level 5 in Axes
  2402 | D:4      | Reached skill level 1 in Invocations
  2735 | D:5      | Entered Level 5 of the Dungeon
  2752 | D:5      | Noticed an ogre
  2758 | D:5      | Killed an ogre
  2758 | D:5      | Reached * piety under Okawaru
  2759 | D:5      | Reached XP level 7. HP: 56/56 MP: 8/8
  2800 | D:5      | Identified a scroll of acquirement
  2802 | D:5      | Acquired a +1 antimagic executioner's axe
  2857 | D:5      | Reached skill level 6 in Axes
  3111 | D:5      | Reached XP level 8. HP: 61/64 MP: 10/10
  3202 | D:5      | Reached skill level 7 in Axes
  3208 | D:5      | HP: 3/64 [poisoned by a water moccasin]
  3683 | D:5      | Reached ** piety under Okawaru
  3686 | D:5      | Noticed Edmund
  3694 | D:5      | Noticed Sigmund
  3698 | D:5      | Killed Edmund
  3705 | D:5      | Killed Sigmund
  3876 | D:5      | Reached skill level 8 in Axes
  3876 | D:5      | Reached skill level 5 in Invocations
  3876 | D:5      | Reached XP level 9. HP: 71/71 MP: 12/12
  3906 | D:5      | Found a stormy altar of Qazlal.
  3906 | D:5      | Found a basalt altar of Yredelemnul.
  4323 | D:6      | Found Giz Foud's Jewellery Emporium.
  4618 | D:6      | Reached skill level 9 in Axes
  5427 | D:7      | Reached *** piety under Okawaru
  5732 | D:7      | Reached XP level 10. HP: 79/80 MP: 15/15
  5787 | D:7      | Noticed Menkaure
  5797 | D:7      | Killed Menkaure
  5798 | D:7      | Reached skill level 10 in Axes
  6235 | D:7      | Noticed Maggie
  6248 | D:7      | Killed Maggie
  6528 | D:7      | Noticed a wizard
  6532 | D:7      | Killed a wizard
  6569 | D:7      | Reached **** piety under Okawaru
  6574 | D:7      | Reached skill level 11 in Axes
  6874 | D:7      | Found a runed translucent door.
  6875 | D:7      | Noticed Crazy Yiuf
  6880 | D:7      | Killed Crazy Yiuf
  6989 | D:8      | Found a large runed translucent door.
  6996 | D:8      | Reached skill level 5 in Shields
  7004 | D:8      | Found a large runed translucent door.
  7059 | D:8      | Noticed M4edhros's ghost (novice OpCK)
  7066 | D:8      | Reached XP level 11. HP: 75/89 MP: 17/17
  7296 | D:8      | Found a hazy altar of Hepliaklqana.
  7546 | D:8      | Found a staircase to the Lair.
  7624 | D:8      | Found a blossoming altar of Fedhas.
  7624 | D:8      | Found a sacrificial altar of Ru.
  7624 | D:8      | Found a broken altar of Ashenzari.
  7781 | D:8      | Killed M4edhros's ghost
  8012 | D:9      | Noticed Psyche
  8024 | D:9      | Killed Psyche
  8285 | D:9      | Noticed Gastronok
  8300 | D:9      | Reached ***** piety under Okawaru
  8300 | D:9      | Killed Gastronok
  8300 | D:9      | Received a gift from Okawaru
  8301 | D:9      | Reached skill level 12 in Axes
  8502 | D:9      | Noticed Joseph
  8513 | D:9      | Killed Joseph
  8587 | D:9      | Noticed Maurice
  8598 | D:9      | Killed Maurice
  8690 | D:9      | Found a sparkling altar of Nemelex Xobeh.
  8698 | D:9      | Reached skill level 10 in Fighting
  8775 | D:9      | Found Jaoxuemm's Armour Shop.
  9004 | D:10     | Entered Level 10 of the Dungeon
  9034 | D:10     | Found a transporter.
  9035 | D:10     | Noticed Citaku's ghost (journeyman MiFi)
  9038 | D:10     | Noticed a moth of wrath
  9046 | D:10     | Killed a moth of wrath
  9060 | D:10     | Killed Citaku's ghost
  9061 | D:10     | Reached XP level 12. HP: 86/98 MP: 13/19
  9062 | D:10     | Found a transporter.
  9129 | D:10     | Reached skill level 10 in Invocations
 10010 | D:11     | Noticed Fannar
 10011 | D:11     | Identified the +6 demon trident of Veug {freeze, Stlth+}
                  | (Okawaru gifted it to you on level 11 of the Dungeon)
 10011 | D:11     | Received a gift from Okawaru
 10012 | D:11     | Reached skill level 13 in Axes
 10012 | Arena    | Entered the Arena
 10015 | Arena    | Slain by Fannar

Illustrated notes

Levels and vault maps discovered:
D:1:      minmay_arrival_solitary_statue, layout_basic
D:2:      layout_basic, uniq_jessica
D:3:      layout_basic, grunt_temple_overflow_champion_of_chaos,
          hellmonk_ecumenical_altar_heavens_door
D:4:      layout_basic, vehumet_statue, minmay_temple_entry_grid
D:5:      layout_cave_pods, gammafunk_temple_overflow_elements,
          chequers_serial_rivers_micro_c, sigmund_edmund_badplayer
D:6:      layout_loops_ring, serial_shops, shop, hangedman_decor_peaks_small,
          corexii_hall_statues_x, reono_crystal_passage
D:7:      nzn_winding_woodlands_medium [nzn_winding_woodlands_5x5_cross,
          nzn_winding_woodlands_5x15_parted, nzn_winding_woodlands_5x5_three,
          nzn_winding_woodlands_hourglass, nzn_winding_woodlands_center_lodge,
          nzn_winding_woodlands_5x5_default,
          nzn_winding_woodlands_5x5_checkerboard,
          nzn_winding_woodlands_5x15_garden, nzn_winding_woodlands_5x5_default],
          layout_gridville, kennysheep_diamond, minmay_statues_item,
          minivault_14, minmay_strange_pillars, uniq_crazy_yiuf_cottage,
          uniq_menkaure, uniq_maggie
D:8:      layout_rooms, gammafunk_temple_overflow_claw,
          nzn_hepliaklqana_mist_gate, lair_entry_dummy,
          ebering_ghost_disaster_area
D:9:      layout_irregular_city, mainiacjoe_overflow_alcove_1, serial_shops,
          nicolae_lakefront_shop, uniq_maurice, uniq_psyche, uniq_joseph,
          uniq_gastronok
D:10:     layout_basic, gammafunk_ghost_berserking_beasts
D:11:     layout_long_grid, minmay_orc_entry_guard_dogs, uniq_fannar
Temple:   nicolae_temple_godzebo
Arena

Skill      XL: |  1  2  3  4  5  6  7  8  9 10 11 12 |
---------------+-------------------------------------+-----
Axes           | 3 4 5 6 8 9 11 12 13 | 13.0
Fighting       | 4 5 6 8 9 10 | 10.5
Invocations    | 2 3 5 6 8 9 10 | 10.1
Shields        | 5 7 8 |  8.1
Armour         | |  3.2

Action                     |  1- 3 |  4- 6 |  7- 9 | 10-12 || total
---------------------------+-------+-------+-------+-------++-------
  Melee: War axe           |    65 |   173 |   236 |       ||   474
         Executioner's axe |       |       |    19 |    10 ||    29
         Battleaxe         |       |       |    36 |   315 ||   351
 Invoke: Heroism           |       |       |     2 |     6 ||     8
         Finesse           |       |       |       |     1 ||     1
         Duel              |       |       |       |     1 ||     1
  Evoke: Wand              |       |     3 |     2 |     1 ||     6
    Use: Scroll            |       |     6 |     5 |     4 ||    15
         Potion            |       |       |     2 |     2 ||     4
   Stab: Paralysed         |       |     7 |     5 |     5 ||    17
 Armour: Scale mail        |    28 |    90 |    67 |       ||   185
         Plate armour      |       |       |    75 |   216 ||   291
  Dodge: Dodged            |    26 |    91 |   127 |   103 ||   347
  Block: Buckler           |    18 |    33 |    67 |    11 ||   129
         Kite shield       |       |       |       |   160 ||   160

Table legend: (Time is in decaauts)
 A = Elapsed time spent in this place.
 B = Non-inter-level travel time spent in this place.
 C = Inter-level travel time spent in this place.
 D = Time resting spent in this place.
 E = Time spent auto-exploring this place.
 F = Levels seen in this place.
 G = Mean time per level.
                   A        B        C        D        E       F      G
               +--------+--------+--------+--------+--------+-----+--------+
         Total |  10179 |   9847 |    332 |    823 |   7121 |  13 |  783.0 |
       Dungeon |  10112 |   9808 |    304 |    823 |   7099 |  11 |  919.3 |
        Temple |     63 |     35 |     28 |      0 |     22 |   1 |   63.0 |
         Arena |      2 |      2 |      0 |      0 |      0 |   1 |    2.0 |
               +--------+--------+--------+--------+--------+-----+--------+

Top non-repeatable levels by time:
     D:7: 2048 daAuts
     D:5: 1328 daAuts
     D:8: 1033 daAuts
     D:9: 1008 daAuts
    D:10: 985 daAuts
     D:6: 939 daAuts
     D:2: 750 daAuts
     D:4: 731 daAuts
     D:1: 714 daAuts
     D:3: 554 daAuts
  Temple: 63 daAuts
    D:11: 19 daAuts
   Arena: 2 daAuts
